[Event "Titled Tuesday Blitz November 07 Early 2023"]
[White "Timerkhanov, Alexander"]
[Black "Olenik Campa, Rudi"]
[WhiteFideId "24177938"]
[BlackFideId "14633264"]
[WhiteElo "2706"]
[BlackElo "2421"]
[Result "1-0"]
[Round "2"]
[TimeControl "180+1"]
[Date "2023.11.07"]
[WhiteClock "0:00:36"]
[BlackClock "0:00:06"]
[Board "93"]

1. d4 Nf6 2. Bg5 d5 3. Nd2 g6 4. Bxf6 exf6 5. e3 Bg7 6. g3 O-O 7. Bg2 c6 8. Ne2 f5 9. O-O Nd7 10. c4 Nf6 11. Nf4 Be6 12. Rc1 Qd7 13. Nb3 b6 14. cxd5 cxd5 15. Qd3 Ne4 16. Qa6 Rfc8 17. h4 Bf8 18. a4 Bb4 19. Qb5 Qd6 20. Qa6 Qd7 21. Nd3 Bd6 22. Qb5 Qxb5 23. axb5 a5 24. bxa6 Rxa6 25. Rxc8+ Bxc8 26. Rc1 Bd7 27. Ra1 Rxa1+ 28. Nxa1 Bb5 29. Nf4 Bc6 30. Nb3 h6 31. Nc1 g5 32. hxg5 hxg5 33. Nfe2 Kf8 34. Bh3 g4 35. Bf1 Bb5 36. Nc3 Bxf1 37. Kxf1 Nxc3 38. bxc3 Ke7 39. Ke2 Ke6 40. Kd3 b5 41. Nb3 Kd7 42. Nd2 Ke6 43. Nb3 Kd7 44. Na1 Kc6 45. Nc2 Kd7 46. Ne1 Ke6 47. Ng2 Ke7 48. Kc2 Ke6 49. Kb3 Kd7 50. Nh4 Ke6 51. Ng2 Kd7 52. Kc2 Ke6 53. Kb2 Kd7 54. Kb3 Be7 55. Nf4 Kc6 56. Nd3 Bd6 57. Nc1 Kd7 58. Kc2 Kc6 59. Nb3 Kd7 60. Kd3 Kc6 61. Na1 Kd7 62. Nc2 Ke6 63. Ne1 Kd7 64. Kc2 Kc6 65. Ng2 Kd7 66. Kb3 Ke6 67. Nf4+ Bxf4 68. exf4 Kd6 69. Kb4 Kc6 70. Ka5 1-0


[Site "https://www.chess.com"]

[Event "Titled Tuesday Blitz November 07 Early 2023"]
[White "Suspenser17"]
[Black "Nagare Kaivalya Sandip"]
[BlackFideId "25957929"]
[WhiteElo "2417"]
[BlackElo "2705"]
[Result "0-1"]
[Round "2"]
[TimeControl "180+1"]
[Date "2023.11.07"]
[WhiteClock "0:00:14"]
[BlackClock "0:00:15"]
[Board "94"]

1. e4 e5 2. Nf3 Nc6 3. Bc4 Nf6 4. d3 Bc5 5. c3 O-O 6. O-O a5 7. Re1 d5 8. exd5 Nxd5 9. Bg5 Nf6 10. Nxe5 Nxe5 11. Rxe5 Qd6 12. d4 Ng4 13. Be7 Qh6 14. h3 Nxe5 15. Bxf8 Bxf8 16. dxe5 Qf4 17. Nd2 Qxe5 18. Nf3 Qc5 19. Qe2 Bf5 20. Ne5 Bg6 21. Nxg6 hxg6 22. Re1 Qf5 23. Qd2 Bd6 24. Qd5 Qxd5 25. Bxd5 c6 26. Bf3 Kf8 27. Kf1 a4 28. Rd1 Ke7 29. Ke2 Ra5 30. a3 Rb5 31. Rd2 Bf4 32. Rc2 f5 33. g3 Be5 34. h4 Kd6 35. Kf1 Kc7 36. Be2 Rc5 37. Bd3 b5 38. h5 gxh5 39. Bxf5 Bxg3 40. fxg3 Rxf5+ 41. Kg2 g5 42. Re2 Kd6 43. Re8 g4 44. Rh8 Kd5 45. Rd8+ Kc4 46. Rc8 c5 47. Rh8 Kb3 48. Rb8 c4 49. Rb6 Kxb2 0-1


[Site "https://www.chess.com"]

[Event "Titled Tuesday Blitz November 07 Early 2023"]
[White "Su, Dion"]
[Black "Aradhya, Garg"]
[WhiteFideId "2029731"]
[BlackFideId "25006746"]
[WhiteElo "2414"]
[BlackElo "2704"]
[Result "1-0"]
[Round "2"]
[TimeControl "180+1"]
[Date "2023.11.07"]
[WhiteClock "0:00:35"]
[BlackClock "0:00:14"]
[Board "95"]

1. e4 e5 2. Nf3 Nc6 3. Bc4 Nf6 4. d3 Bc5 5. c3 h6 6. a4 a5 7. O-O d6 8. h3 O-O 9. Qe2 Be6 10. Nbd2 Re8 11. Bb5 Nd7 12. Rd1 d5 13. exd5 Bxd5 14. Ne4 Bb6 15. Ng3 Nc5 16. Be3 Qd7 17. c4 Bxf3 18. Qxf3 Rad8 19. b4 axb4 20. a5 Ba7 21. a6 Nb3 22. axb7 Bxe3 23. Bxc6 Bxf2+ 24. Kxf2 Qd4+ 25. Qe3 Qb2+ 26. Kg1 Nxa1 27. Bxe8 Qa2 28. Bc6 Nc2 29. Qxe5 Nd4 30. Bd5 Qa7 31. c5 c6 32. Qc7 Qb8 33. Qxf7+ Kh8 34. Nh5 Nf5 35. Be4 Rf8 36. Qg6 Qxb7 37. Bxf5 Rxf5 38. Qxf5 Qe7 39. Qc8+ Kh7 40. Qf5+ g6 41. Nf6+ Kg7 42. Qd7 Kxf6 43. Rf1+ 1-0


[Site "https://www.chess.com"]

[Event "Titled Tuesday Blitz November 07 Early 2023"]
[White "Wu, Derek"]
[Black "Kukreja Sankalp"]
[WhiteFideId "30914558"]
[BlackFideId "45027676"]
[WhiteElo "2702"]
[BlackElo "2413"]
[Result "1-0"]
[Round "2"]
[TimeControl "180+1"]
[Date "2023.11.07"]
[WhiteClock "0:02:46"]
[BlackClock "0:02:05"]
[Board "96"]

1. Nf3 d6 2. d4 g6 3. e4 Bg7 4. Bc4 Nd7 5. Bxf7+ Kf8 6. Bb3 Ngf6 7. Ng5 Nb6 8. Nf7 Qe8 9. e5 dxe5 10. dxe5 Bg4 11. f3 Rd8 12. Qxd8 1-0


[Site "https://www.chess.com"]

[Event "Titled Tuesday Blitz November 07 Early 2023"]
[White "Rakotomaharo, Fy Antenaina"]
[Black "Goldin, Roman"]
[WhiteFideId "13100050"]
[BlackFideId "2803860"]
[WhiteElo "2701"]
[BlackElo "2405"]
[Result "1-0"]
[Round "2"]
[TimeControl "180+1"]
[Date "2023.11.07"]
[WhiteClock "0:00:27"]
[BlackClock "0:00:00"]
[Board "97"]

1. Nf3 Nf6 2. d4 b5 3. Bg5 Bb7 4. Nbd2 a6 5. e3 e6 6. Bd3 c5 7. c3 d6 8. Qe2 Nbd7 9. a4 c4 10. Bc2 Be7 11. O-O O-O 12. e4 e5 13. b3 exd4 14. Nxd4 cxb3 15. N2xb3 bxa4 16. Rxa4 Qc7 17. Na5 Nc5 18. Nxb7 Qxb7 19. Rb4 Qc7 20. Nf5 Bd8 21. Qf3 Nfd7 22. Bxd8 Raxd8 23. Qg3 g6 24. Nxd6 Nf6 25. e5 Nd5 26. Rc4 Nb6 27. Rh4 Ne6 28. Qe3 h5 29. Qh6 Rxd6 30. exd6 Qxd6 31. Rxh5 1-0


[Site "https://www.chess.com"]

[Event "Titled Tuesday Blitz November 07 Early 2023"]
[White "Osinovsky, Stepan"]
[Black "Godzwon, Iwo"]
[WhiteFideId "4157354"]
[BlackFideId "21802483"]
[WhiteElo "2403"]
[BlackElo "2700"]
[Result "1-0"]
[Round "2"]
[TimeControl "180+1"]
[Date "2023.11.07"]
[WhiteClock "0:00:06"]
[BlackClock "0:00:24"]
[Board "98"]

1. e4 e5 2. Nf3 Nc6 3. Bb5 a6 4. Ba4 Nf6 5. O-O Be7 6. Re1 b5 7. Bb3 d6 8. c3 O-O 9. h3 a5 10. a4 b4 11. d4 Rb8 12. Nbd2 Bd7 13. Nc4 exd4 14. cxd4 Ra8 15. d5 Nb8 16. e5 dxe5 17. Nfxe5 Bd6 18. Bg5 h6 19. Bh4 Bc8 20. Qd3 g5 21. Bg3 Bb7 22. Rad1 Na6 23. Bc2 Nc5 24. Qf5 Bc8 25. Qf3 Bb7 26. Nc6 Bxc6 27. dxc6 Re8 28. Rxe8+ Nxe8 29. Qf5 Qf6 30. Nxd6 cxd6 31. Qxf6 Nxf6 32. Bxd6 Ne6 33. Bf5 Rc8 34. c7 Ne8 35. Bxe6 fxe6 36. Be5 Nxc7 37. Rc1 Rd8 38. Rxc7 Rd5 39. Bg7 h5 40. g3 g4 41. hxg4 hxg4 42. Kf1 Rd1+ 43. Ke2 Ra1 44. Be5 Rxa4 45. Ke3 Ra1 46. Kf4 Re1 47. Bf6 Re2 48. Kxg4 Rxf2 49. Kg5 Kf8 50. Kg6 Ke8 51. g4 a4 52. Re7+ Kd8 53. Ra7+ Kc8 54. Rxa4 Rf4 55. g5 Kd7 56. Kf7 e5 57. g6 e4 58. g7 Rg4 59. g8=Q 1-0


[Site "https://www.chess.com"]

[Event "Titled Tuesday Blitz November 07 Early 2023"]
[White "carokannlover213"]
[Black "Tsotsonava, Elene"]
[BlackFideId "13615939"]
[WhiteElo "2699"]
[BlackElo "2371"]
[Result "0-1"]
[Round "2"]
[TimeControl "180+1"]
[Date "2023.11.07"]
[WhiteClock "0:00:11"]
[BlackClock "0:00:18"]
[Board "99"]

1. e4 c5 2. Ne2 a6 3. g3 Nc6 4. Bg2 e5 5. O-O d6 6. c3 Nf6 7. d4 cxd4 8. cxd4 Be7 9. d5 Nb8 10. h3 O-O 11. Be3 Ne8 12. a4 f5 13. exf5 Bxf5 14. Nd2 Nd7 15. Kh2 Nef6 16. Nc3 Qe8 17. Nde4 Qg6 18. Nxf6+ Nxf6 19. f3 h5 20. a5 Nd7 21. Ne4 Bxe4 22. fxe4 Rxf1 23. Qxf1 Rf8 24. Qe2 h4 25. Qg4 hxg3+ 26. Qxg3 Qxg3+ 27. Kxg3 Rc8 28. Ra3 Bd8 29. Rb3 Nc5 30. Ra3 Kf7 31. Bf3 g6 32. b4 Nd7 33. Bg4 Ke8 34. h4 Rc4 35. h5 gxh5 36. Bxh5+ Kf8 37. Bh6+ Kg8 38. Bf3 Nf6 39. Bg5 Nxe4+ 40. Bxe4 Bxg5 41. Bf5 Bf4+ 42. Kf3 Kf7 43. Be6+ Kf6 44. Ra2 Rxb4 45. Rg2 Bg5 46. Rg1 e4+ 47. Ke2 Rb2+ 48. Kf1 Rb1+ 49. Kg2 Rxg1+ 50. Kxg1 Bd2 51. Kf2 Bxa5 52. Bc8 Ke5 53. Bxb7 Bb6+ 54. Ke2 a5 55. Bc6 Kd4 56. Kd2 e3+ 57. Ke2 Kc3 58. Kf3 Kb3 59. Bb5 a4 60. Ke2 a3 61. Kd3 a2 62. Bc4+ Kb2 63. Bxa2 Kxa2 64. Ke2 Kb3 65. Kd3 Bc5 66. Ke2 Kc4 67. Ke1 Kxd5 68. Ke2 Ke4 69. Ke1 d5 70. Ke2 d4 71. Kd1 d3 72. Kc1 Bb4 73. Kb2 e2 74. Kb3 e1=Q 75. Ka4 Qc3 76. Kb5 d2 77. Kb6 d1=Q 78. Kb7 Qd7+ 79. Kb6 Qcc6# 0-1


[Site "https://www.chess.com"]

[Event "Titled Tuesday Blitz November 07 Early 2023"]
[White "Nasuta, Grzegorz"]
[Black "Baghdasaryan, Vahe"]
[WhiteFideId "1141686"]
[BlackFideId "13303139"]
[WhiteElo "2699"]
[BlackElo "2368"]
[Result "1-0"]
[Round "2"]
[TimeControl "180+1"]
[Date "2023.11.07"]
[WhiteClock "0:02:08"]
[BlackClock "0:02:51"]
[Board "100"]

1. e4 e5 2. Nf3 Nc6 3. Bc4 Nf6 4. d3 Bc5 5. O-O O-O 6. h3 d6 7. c3 h6 8. Bb3 Be6 9. Bc2 a5 10. d4 exd4 11. cxd4 Bc4 12. dxc5 Bxf1 13. Qxf1 dxc5 14. e5 Nd5 15. Qd3 g6 1-0


[Site "https://www.chess.com"]

[Event "Titled Tuesday Blitz November 07 Early 2023"]
[White "Ovezdurdyyeva, Jemal"]
[Black "Hua, Lefong"]
[WhiteFideId "14001888"]
[BlackFideId "2602253"]
[WhiteElo "2366"]
[BlackElo "2694"]
[Result "0-1"]
[Round "2"]
[TimeControl "180+1"]
[Date "2023.11.07"]
[WhiteClock "0:00:13"]
[BlackClock "0:00:48"]
[Board "101"]

1. e4 c5 2. Nf3 g6 3. c3 Nc6 4. d4 d5 5. e5 cxd4 6. cxd4 Bg4 7. Be2 Qb6 8. O-O e6 9. Be3 Nh6 10. Nbd2 Nf5 11. Nb3 Bg7 12. Qd2 O-O 13. h3 Bxf3 14. Bxf3 Rfc8 15. Rfd1 a5 16. Rac1 Bf8 17. g4 Nxe3 18. fxe3 a4 19. Nc5 Nxe5 20. dxe5 Bxc5 21. Kf2 Rc7 22. Be2 Rac8 23. Kf3 a3 24. bxa3 Bxa3 25. Rxc7 Rxc7 26. Bd3 Qb2 27. Qxb2 Bxb2 28. Kf4 h6 29. h4 Rc3 30. Rb1 Rxd3 31. Rxb2 Ra3 32. Rxb7 Rxa2 33. Rd7 Ra4+ 34. Kf3 Re4 35. g5 h5 0-1


[Site "https://www.chess.com"]

[Event "Titled Tuesday Blitz November 07 Early 2023"]
[White "Akhmedinov, Satbek"]
[Black "Marchesich, Giovanni"]
[WhiteFideId "13714287"]
[BlackFideId "2824790"]
[WhiteElo "2694"]
[BlackElo "2366"]
[Result "1-0"]
[Round "2"]
[TimeControl "180+1"]
[Date "2023.11.07"]
[WhiteClock "0:00:45"]
[BlackClock "0:01:45"]
[Board "102"]

1. e4 e5 2. Nf3 d5 3. exd5 e4 4. Qe2 Nf6 5. Nc3 Bb4 6. Qb5+ Bd7 7. Qxb4 exf3 8. gxf3 Na6 9. Bxa6 bxa6 10. Kd1 Bf5 11. Re1+ Kd7 12. Qa4+ Kc8 13. Qxa6+ Kb8 14. Qb5+ Kc8 15. d3 Rb8 16. Qa6+ Rb7 17. Bg5 Kb8 18. Bxf6 gxf6 19. b3 Bc8 20. Qc4 Qd6 21. f4 Bg4+ 22. Kd2 Rg8 23. Re3 Bc8 24. Nb5 Qd7 25. Nd4 Rb6 26. Rg3 Re8 27. Re1 Rxe1 28. Kxe1 Ba6 29. Rg8+ Kb7 30. Qc6+ Rxc6 31. dxc6+ 1-0


[Site "https://www.chess.com"]

[Event "Titled Tuesday Blitz November 07 Early 2023"]
[White "Harriott, Tyrell"]
[Black "Lukovic, Vladimir"]
[WhiteFideId "2086484"]
[BlackFideId "942952"]
[WhiteElo "2333"]
[BlackElo "2692"]
[Result "0-1"]
[Round "2"]
[TimeControl "180+1"]
[Date "2023.11.07"]
[WhiteClock "0:00:09"]
[BlackClock "0:00:10"]
[Board "103"]

1. d4 Nf6 2. e3 g6 3. Bd3 Bg7 4. f4 O-O 5. Nf3 b6 6. O-O Bb7 7. f5 e6 8. fxg6 fxg6 9. Nbd2 Nc6 10. c3 e5 11. Qe1 Qe7 12. Qh4 Rae8 13. Bc4+ d5 14. Bb3 e4 15. Ng5 Na5 16. Ndxe4 Nxb3 17. Nxf6+ Bxf6 18. Rxf6 Rxf6 19. axb3 a5 20. e4 dxe4 21. Be3 Ref8 22. c4 Rf5 23. d5 Bc8 24. g4 R5f6 25. Bd4 Rf4 26. h3 e3 27. Be5 R4f7 28. Bg3 Rf2 29. Bxf2 exf2+ 30. Kf1 Qg7 31. Rd1 h6 32. Ne4 g5 33. Qg3 Rf4 34. Nxf2 Qxb2 35. Re1 Kf7 36. Re3 Bd7 37. Rf3 Qf6 38. Kg2 a4 39. bxa4 Bxa4 40. Nd3 Rxf3 41. Qxf3 Qxf3+ 42. Kxf3 Kf6 43. Ke4 Bd1 44. Kd4 Bf3 45. Ne5 Bg2 46. Nd7+ Ke7 47. Ne5 Bxh3 48. Ng6+ Kf6 49. Ne5 Bg2 50. Nd7+ Ke7 51. Ne5 Bf1 52. Kc3 Kf6 53. Kd4 Be2 54. Ke4 h5 55. gxh5 Bxh5 56. Kd4 Bg6 57. Nf3 Bf5 58. Ne5 g4 59. Nc6 Kg5 60. Ke3 Kh4 61. Nd4 Bd7 62. Kf4 Kh3 63. Ke3 g3 64. Ne2 g2 65. Kf2 Kh2 66. Ng1 Bg4 67. Ne2 Bxe2 68. Kxe2 g1=Q 69. Kd3 Qc5 70. Kc3 b5 71. Kd3 Qxc4+ 72. Kd2 Qxd5+ 73. Kc2 Qf3 74. Kb2 c5 75. Kc2 b4 76. Kb2 c4 77. Kc2 Qf2+ 78. Kd1 b3 79. Kc1 c3 80. Kd1 Qd2# 0-1


[Site "https://www.chess.com"]

[Event "Titled Tuesday Blitz November 07 Early 2023"]
[White "Tatarinov, Dmitry"]
[Black "SlippperyWhenWet"]
[WhiteFideId "24160067"]
[WhiteElo "2691"]
[BlackElo "2331"]
[Result "1-0"]
[Round "2"]
[TimeControl "180+1"]
[Date "2023.11.07"]
[WhiteClock "0:01:36"]
[BlackClock "0:00:50"]
[Board "104"]

1. e4 c5 2. Nf3 e6 3. d4 cxd4 4. Nxd4 a6 5. Nc3 d6 6. Be2 Be7 7. O-O Nf6 8. Kh1 Qc7 9. f4 Nbd7 10. f5 Ne5 11. Qe1 b5 12. a3 Bb7 13. Qg3 Nxe4 14. Nxe4 Bxe4 15. fxe6 O-O-O 16. exf7 Bf6 17. Bg5 h5 18. Bxf6 gxf6 19. Rxf6 h4 20. Qh3+ Kb8 21. Ne6 Qe7 22. Raf1 Rdf8 23. Nxf8 Rxf8 24. Qxh4 Rxf7 25. Qh8+ Kc7 26. Rxf7 Nxf7 27. Qf6 Bxg2+ 28. Kxg2 Qxe2+ 29. Qf2 Qg4+ 30. Qg3 Qe4+ 31. Qf3 Qxc2+ 32. Rf2 Qg6+ 33. Kh1 Ne5 34. Qf5 Qg8 35. Rc2+ Kb6 36. Qf2+ Kb7 37. Qg2+ Qxg2+ 38. Rxg2 Kc6 39. h4 d5 40. h5 Nf7 41. Rg7 Nh8 42. h6 d4 43. h7 d3 44. Rg8 d2 45. Rd8 Ng6 46. Rxd2 Kb6 47. Rg2 Nh8 48. Rg8 Ka5 49. Rxh8 Ka4 50. Rf8 a5 51. h8=Q b4 52. Qd4 Kb3 53. Rf3+ Ka4 54. axb4 axb4 55. b3+ Ka3 56. Qa1# 1-0


[Site "https://www.chess.com"]

[Event "Titled Tuesday Blitz November 07 Early 2023"]
[White "Principe, Alexander"]
[Black "Senft, Sean"]
[WhiteFideId "3804542"]
[BlackFideId "2044960"]
[WhiteElo "2690"]
[BlackElo "2321"]
[Result "1-0"]
[Round "2"]
[TimeControl "180+1"]
[Date "2023.11.07"]
[WhiteClock "0:01:12"]
[BlackClock "0:00:00"]
[Board "105"]

1. e4 c5 2. Nf3 d6 3. d4 cxd4 4. Nxd4 Nf6 5. Nc3 a6 6. Bg5 e6 7. f4 Qb6 8. Qd2 Nc6 9. Bxf6 gxf6 10. Nb3 Be7 11. O-O-O Bd7 12. Kb1 Na5 13. Nxa5 Qxa5 14. Bc4 Bc6 15. Rhe1 Qc7 16. f5 Bd7 17. Qe2 O-O-O 18. Bb3 Kb8 19. Qh5 Rdf8 20. Qh3 Qc8 21. Na4 Ka7 22. Qe3+ Kb8 23. Nb6 Qc6 24. Ba4 Qxa4 25. Nxa4 Bxa4 26. Rd2 Rc8 27. Red1 Rc5 28. b3 Bc6 29. Rxd6 Bxd6 30. Rxd6 Re5 31. Rxc6 bxc6 32. Qb6+ Ka8 33. Qxa6+ Kb8 34. Qb6+ Ka8 35. Qxc6+ Kb8 36. Qd6+ Ka8 37. Qe7 Rxe4 38. Qxf6 Rc8 39. Qxf7 exf5 40. Qxf5 Re1+ 41. Kb2 Rce8 42. Qxh7 R1e2 43. g4 Rg2 44. h3 Ree2 45. a4 Rh2 46. a5 Rxh3 47. Qxh3 1-0


[Site "https://www.chess.com"]

[Event "Titled Tuesday Blitz November 07 Early 2023"]
[White "Malek, Jan"]
[Black "Goh, Zi Han"]
[WhiteFideId "21864080"]
[BlackFideId "5819156"]
[WhiteElo "2683"]
[BlackElo "2318"]
[Result "1-0"]
[Round "2"]
[TimeControl "180+1"]
[Date "2023.11.07"]
[WhiteClock "0:00:05"]
[BlackClock "0:00:00"]
[Board "106"]

1. c4 e5 2. Nc3 Nc6 3. e3 Nf6 4. Nf3 Be7 5. d4 exd4 6. exd4 d5 7. cxd5 Nxd5 8. Bc4 Be6 9. Qe2 O-O 10. O-O Re8 11. Be3 Bf6 12. Rad1 Na5 13. Bd3 Bg4 14. Ne4 Bf5 15. Nc5 Nf4 16. Qc2 Nxd3 17. Nxd3 Nc6 18. Qc5 Be4 19. Nfe5 Qd5 20. Qxd5 Bxd5 21. Nf4 Bxa2 22. Ra1 Bb3 23. Ra3 Bc2 24. Rc1 Be4 25. Nd7 Bxd4 26. h3 Rad8 27. Nc5 Bxe3 28. Rxe3 Bf5 29. Nxb7 Rxe3 30. Nxd8 Re4 31. Nxc6 Rxf4 32. Ne7+ Kf8 33. Rxc7 Be6 34. Nc6 Rc4 35. b3 Rc1+ 36. Kh2 g6 37. b4 a6 38. Kg3 Bd5 39. Rc8+ Kg7 40. Ne7 Rxc8 41. Nxc8 Kf6 42. f3 Bc4 43. Kf4 Ke6 44. Nb6 Bb5 45. Ke4 f6 46. Kd4 Kd6 47. Nd5 f5 48. g3 Bf1 49. h4 Be2 50. Nf6 Bxf3 51. Nxh7 Be2 52. Nf8 Kc6 53. Nxg6 Kb5 54. Kc3 Bh5 55. Nf4 Bf7 56. h5 Kc6 57. h6 Bg8 58. Nh3 Kd5 59. Ng5 f4 60. gxf4 Kd6 61. h7 1-0


[Site "https://www.chess.com"]

[Event "Titled Tuesday Blitz November 07 Early 2023"]
[White "Bogaudinov, Rushan"]
[Black "Ovetchkin, Roman"]
[WhiteFideId "4129288"]
[BlackFideId "4119991"]
[WhiteElo "2309"]
[BlackElo "2682"]
[Result "0-1"]
[Round "2"]
[TimeControl "180+1"]
[Date "2023.11.07"]
[WhiteClock "0:00:01"]
[BlackClock "0:00:46"]
[Board "107"]

1. e4 c6 2. d4 d5 3. e5 Bf5 4. c4 e6 5. Nc3 Ne7 6. a3 dxc4 7. Bxc4 Nd7 8. Nge2 Nb6 9. Bb3 Ned5 10. O-O Be7 11. Ng3 Bg6 12. f4 Qd7 13. Qf3 O-O 14. f5 exf5 15. Nxf5 Bxf5 16. Qxf5 Qxf5 17. Rxf5 Rad8 18. a4 a5 19. Bd2 Nc7 20. Be3 Nbd5 21. Nxd5 Nxd5 22. Bf2 g6 23. Rf3 Kg7 24. Be1 Bb4 25. Bc3 f5 26. h4 h5 27. Rc1 Rd7 28. Kf2 Rfd8 29. Ke2 Kf8 30. Kd3 Ke7 31. Bxd5 Rxd5 32. Kc4 Ke6 33. Rg3 Kf7 34. Re1 Be7 35. Rh3 b5+ 36. axb5 cxb5+ 37. Kb3 a4+ 38. Kc2 b4 39. Bd2 Rxd4 40. e6+ Kg7 41. Be3 Rc4+ 42. Kb1 Re4 43. Rc1 Rxe6 44. Rc7 b3 45. Kc1 Kf8 46. Bh6+ Ke8 47. Bg5 Re1# 0-1


[Site "https://www.chess.com"]

[Event "Titled Tuesday Blitz November 07 Early 2023"]
[White "Mamedov, Edgar"]
[Black "Kohler, Aran"]
[WhiteFideId "13739980"]
[BlackFideId "1002856"]
[WhiteElo "2679"]
[BlackElo "2288"]
[Result "1-0"]
[Round "2"]
[TimeControl "180+1"]
[Date "2023.11.07"]
[WhiteClock "0:01:54"]
[BlackClock "0:00:50"]
[Board "108"]

1. d4 Nf6 2. Nf3 d5 3. e3 Bg4 4. Nbd2 e6 5. Bd3 c5 6. O-O Nc6 7. c3 e5 8. dxe5 Nxe5 9. Be2 Nxf3+ 10. Bxf3 Bxf3 11. Qxf3 Bd6 12. e4 dxe4 13. Nxe4 Nxe4 14. Qxe4+ Qe7 15. Qa4+ Kf8 16. Be3 h6 17. Rad1 Qc7 18. g3 Kg8 19. Rd5 b6 20. Rfd1 Rd8 21. Bf4 1-0


[Site "https://www.chess.com"]

[Event "Titled Tuesday Blitz November 07 Early 2023"]
[White "Vifleemskaia, Svetlana"]
[Black "Yen, William"]
[WhiteFideId "4129490"]
[BlackFideId "30932025"]
[WhiteElo "2285"]
[BlackElo "2679"]
[Result "1/2-1/2"]
[Round "2"]
[TimeControl "180+1"]
[Date "2023.11.07"]
[WhiteClock "0:00:36"]
[BlackClock "0:00:21"]
[Board "109"]

1. d4 Nf6 2. c4 g6 3. Nc3 d5 4. cxd5 Nxd5 5. Bd2 Bg7 6. e4 Nb6 7. Be3 O-O 8. Nf3 Bg4 9. Be2 Nc6 10. d5 Na5 11. Bd4 Bxf3 12. Bxf3 e6 13. Bxg7 Kxg7 14. O-O Nac4 15. b3 Ne5 16. Qd4 Qf6 17. Qe3 Nxf3+ 18. Qxf3 Qxf3 19. gxf3 exd5 20. Nxd5 Nxd5 21. exd5 Rfd8 22. Rac1 Rd7 23. Rfe1 Rc8 24. Red1 Kf6 25. f4 Rcd8 26. Kg2 c6 27. dxc6 Rxd1 28. c7 Rc8 29. Rxd1 Rxc7 30. Rd5 b6 31. a4 Rc5 32. Rd7 Rc3 33. Rxa7 Rxb3 34. a5 bxa5 35. Rxa5 h5 36. h3 h4 37. Ra8 Kf5 38. Rh8 Rb4 39. Rxh4 Rxf4 40. Rh8 g5 41. Rg8 f6 42. Rb8 Rc4 43. Rb5+ Kg6 44. Rb6 Rf4 45. Rb8 1/2-1/2


[Site "https://www.chess.com"]

[Event "Titled Tuesday Blitz November 07 Early 2023"]
[White "Mgeladze, Tamaz"]
[Black "Ruge, Edison"]
[WhiteFideId "13601202"]
[BlackFideId "4401000"]
[WhiteElo "2674"]
[BlackElo "2271"]
[Result "1-0"]
[Round "2"]
[TimeControl "180+1"]
[Date "2023.11.07"]
[WhiteClock "0:00:15"]
[BlackClock "0:00:00"]
[Board "110"]

1. c4 e5 2. g3 Nc6 3. Bg2 f5 4. a3 d6 5. Nc3 Nf6 6. d3 Be7 7. Nf3 O-O 8. O-O Qe8 9. b4 Bd8 10. b5 Ne7 11. Qb3 Kh8 12. Bg5 Qh5 13. Bxf6 Rxf6 14. Nd5 Nxd5 15. cxd5 Rh6 16. h4 g5 17. hxg5 Bxg5 18. Rfc1 Bxc1 19. Rxc1 Qf7 20. Qc4 Bd7 21. Qa4 Be8 22. Qa5 b6 23. Qa6 Qd7 24. Ng5 Qc8 25. Qxc8 Rxc8 26. a4 Rf6 27. f4 Bd7 28. Kf2 h6 29. Nf3 exf4 30. gxf4 Kg7 31. Nd4 Rf7 32. Kg3 Kf6 33. Rh1 Rg8+ 34. Kf2 Rg6 35. Bf3 Rfg7 36. e4 fxe4 37. dxe4 Bg4 38. Bxg4 Rxg4 39. Rxh6+ R7g6 40. Rxg6+ Kxg6 41. Kf3 Rg1 42. Ne6 Rc1 43. e5 Rc4 44. Nd8 Kf5 45. e6 Kf6 46. Nf7 Rxa4 47. Ng5 Rd4 48. Ne4+ Ke7 49. f5 Rxd5 50. Kf4 Rxb5 51. Kg5 d5 52. Nc3 Rc5 53. Ne2 Rc4 54. Nf4 Rxf4 55. Kxf4 Kf6 56. Kg4 c5 57. Kh5 a5 58. Kh6 d4 59. e7 Kxe7 60. Kg7 d3 61. f6+ Ke6 62. f7 d2 63. f8=Q 1-0


[Site "https://www.chess.com"]

[Event "Titled Tuesday Blitz November 07 Early 2023"]
[White "Kula, Robert"]
[Black "Goldin, Alexander"]
[WhiteFideId "1101218"]
[BlackFideId "2019540"]
[WhiteElo "2260"]
[BlackElo "2674"]
[Result "0-1"]
[Round "2"]
[TimeControl "180+1"]
[Date "2023.11.07"]
[WhiteClock "0:00:00"]
[BlackClock "0:00:14"]
[Board "111"]

1. d4 d5 2. c4 e6 3. Nc3 Be7 4. Nf3 Nf6 5. Bf4 c5 6. e3 cxd4 7. exd4 Nc6 8. c5 Ne4 9. Bd3 f5 10. O-O O-O 11. a3 Bf6 12. Bc2 b6 13. cxb6 Qxb6 14. Na4 Qb5 15. b4 a5 16. Bd3 Qb7 17. Nc5 Nxc5 18. bxc5 Nxd4 19. Rb1 Nxf3+ 20. Qxf3 Qf7 21. Bd6 Rd8 22. Bb5 Bd7 23. a4 Rac8 24. Rfc1 Bc6 25. Qd3 Qd7 26. Qd2 d4 27. Qxa5 e5 28. Bxc6 Rxc6 29. Rd1 e4 30. Qb4 d3 31. Qc4+ Kh8 32. a5 Qxd6 33. Qb4 Qxc5 34. Qb7 Rc7 35. Qa6 Ra7 0-1


[Site "https://www.chess.com"]

[Event "Titled Tuesday Blitz November 07 Early 2023"]
[White "Witty_Alien"]
[Black "Chinguun, Sumiya"]
[BlackFideId "4902572"]
[WhiteElo "2252"]
[BlackElo "2669"]
[Result "0-1"]
[Round "2"]
[TimeControl "180+1"]
[Date "2023.11.07"]
[WhiteClock "0:01:17"]
[BlackClock "0:02:27"]
[Board "112"]

1. e4 c5 2. Nf3 g6 3. h4 h5 4. d4 cxd4 5. c3 d3 6. Bxd3 Nc6 7. Rh3 d6 8. Rg3 Nf6 9. e5 dxe5 10. Rxg6 e4 11. Rxf6 exf6 12. Qe2 Qxd3 13. Nd4 Nxd4 14. cxd4 Bb4+ 15. Bd2 Bxd2+ 16. Nxd2 Qxe2+ 0-1


[Site "https://www.chess.com"]

[Event "Titled Tuesday Blitz November 07 Early 2023"]
[White "Yelisieiev, Yevhenii"]
[Black "Skuhala, Barbara"]
[WhiteFideId "14139642"]
[BlackFideId "14605465"]
[WhiteElo "2669"]
[BlackElo "2223"]
[Result "0-1"]
[Round "2"]
[TimeControl "180+1"]
[Date "2023.11.07"]
[WhiteClock "0:00:18"]
[BlackClock "0:00:19"]
[Board "113"]

1. d4 Nf6 2. Nf3 e6 3. c4 b6 4. a3 Bb7 5. Nc3 Ne4 6. Qc2 Nxc3 7. Qxc3 Be7 8. Bf4 c5 9. e3 O-O 10. Be2 Nc6 11. d5 Bf6 12. Qc2 Ne7 13. e4 Ng6 14. Bg3 d6 15. dxe6 fxe6 16. Rd1 e5 17. O-O Qe7 18. Nd2 Rad8 19. Nb1 Bc6 20. Nc3 Nf4 21. Bg4 Kh8 22. Rfe1 Bg5 23. b4 Qf6 24. b5 Bb7 25. a4 h5 26. Bxf4 hxg4 27. Bg3 Bf4 28. Rd3 Qg5 29. Qe2 Rf6 30. Red1 Rh6 31. Bxf4 exf4 32. e5 Qh4 33. h3 f3 34. Qe3 fxg2 35. Rxd6 Rhxd6 36. Rxd6 gxh3 37. Kh2 Bc8 38. Rxd8+ Qxd8 39. Nd5 Qe8 40. Nf4 Bf5 41. Nxh3 Qh5 42. f4 Qxh3+ 43. Qxh3+ Bxh3 44. f5 Bxf5 45. Kxg2 Be6 46. Kf3 Bxc4 47. Ke4 Kg8 48. Kf5 Kf8 49. e6 Ke7 50. Kg6 Bb3 51. Kxg7 Bxa4 52. Kg6 Bxb5 53. Kf5 Bc4 54. Ke5 Bxe6 55. Ke4 a5 56. Kd3 a4 57. Kc3 b5 58. Kb2 Kd6 59. Ka3 Kd5 60. Ka2 b4 61. Kb2 a3+ 62. Ka2 Kd4+ 63. Kb1 c4 64. Ka1 c3 65. Kb1 Bf5+ 66. Ka1 c2 67. Ka2 b3+ 68. Kxb3 c1=Q 69. Ka4 Qb2 70. Ka5 Kc5 71. Ka6 Qb6# 0-1


[Site "https://www.chess.com"]

[Event "Titled Tuesday Blitz November 07 Early 2023"]
[White "missponyo10"]
[Black "Maltsevskaya, Aleksandra"]
[BlackFideId "24174041"]
[WhiteElo "1989"]
[BlackElo "2668"]
[Result "1-0"]
[Round "2"]
[TimeControl "180+1"]
[Date "2023.11.07"]
[WhiteClock "0:01:23"]
[BlackClock "0:01:16"]
[Board "114"]

1. e4 c6 2. d4 d5 3. Nd2 dxe4 4. Nxe4 Nf6 5. Nxf6+ exf6 6. c3 Bd6 7. Bd3 O-O 8. Qc2 Re8+ 9. Ne2 h5 10. Be3 Nd7 11. O-O-O Nf8 12. Kb1 b5 13. h3 a5 14. Rdg1 b4 15. c4 a4 16. Qc1 b3 17. a3 c5 18. d5 Ng6 19. g4 h4 20. Bxg6 fxg6 21. Nf4 g5 22. Nd3 Ba6 23. Re1 Re4 24. Bxc5 Rxc4 25. Qe3 Bxc5 26. Nxc5 Qxd5 27. Nxa6 Kh8 28. Nb4 Rxb4 29. axb4 a3 30. bxa3 b2 31. Kxb2 1-0


[Site "https://www.chess.com"]